 Dungeon Crawl Stone Soup version 0.21-a0-154-gb5400c9 (webtiles) character file.

292 KarmaPolice the Charmwright (level 6, 0/48 HPs)
             Began as a Barachi Skald on Aug 3, 2017.
             Killed by divine providence
             ... invoked by an orc priest
              (11 damage)
             ... on level 4 of the Dungeon.
             The game lasted 00:19:38 (4661 turns).

KarmaPolice the Charmwright (Barachi Skald)         Turns: 4661, Time: 00:19:39

Health: 0/48       AC:  8    Str: 13 (15) XL:     6   Next: 33%
Magic:  7/10       EV: 12    Int: 12 (13) God:
Gold:   137        SH:  0    Dex: 11      Spells: 3/11 levels left

rFire    . . .     SeeInvis .   a - +0 falchion
rCold    + . .     Gourm    .   (no shield)
rNeg     . . .     Faith    .   b - +0 leather armour
rPois    .         Spirit   .   (no helmet)
rElec    .         Reflect  .   (no cloak)
rCorr    .         Harm     .   (no gloves)
MR       .....                  n - +0 pair of boots
Stlth    +.........             (no amulet)
HPRegen  0.16/turn              (no ring)
MPRegen  0.12/turn              (no ring)

@: infused, slow
A: +LOS, swims, icy blue scales 1, slimy green scales 1, blurry vision 1, cold
resistance 1, slowness 1, strong legs 1
a: Hop


You were on level 4 of the Dungeon.
You were not hungry.

You visited 1 branch of the dungeon, and saw 4 of its levels.

You collected 137 gold pieces.

Inventory:

Hand Weapons
 a - a +0 falchion (weapon)
Armour
 b - a +0 leather armour (worn)
 n - a +0 pair of boots (worn)
Scrolls
 e - a scroll of amnesia {unknown}
 f - a scroll of immolation {unknown}
 i - a scroll of remove curse {unknown}
 k - 5 scrolls of identify {unknown}
 l - a scroll of recharging {unknown}
 o - a scroll of fear {unknown}
Potions
 g - 2 potions of mutation
 t - a potion of curing {unknown}
Books
 c - a book of Battle

   Spells                             Type                      Level
   a - Infusion                       Charms                       1
   b - Shroud of Golubria             Charms/Translocation         2
   c - Song of Slaying                Charms                       2
   d - Spectral Weapon                Hexes/Charms                 3
   e - Regeneration                   Charms/Necromancy            3
 r - a book of Misfortune

   Spells                             Type                      Level
   a - Confusing Touch                Hexes                        1
   b - Confuse                        Hexes                        3
   c - Gell's Gravitas                Translocation                3
   d - Petrify                        Transmutation/Earth          4
   e - Metabolic Englaciation         Hexes/Ice                    5
   f - Yara's Violent Unravelling     Hexes/Transmutation          5
Comestibles
 d - 3 bread rations
 h - a chunk of flesh
 j - 3 fruits
 p - a meat ration


   Skills:
 + Level 4.2 Fighting
 + Level 4.3 Long Blades
 - Level 1.2 Armour
 - Level 2.1 Dodging
 - Level 3.1 Spellcasting
 - Level 4.3 Charms
 + Level 0.6 Necromancy
 + Level 2.5 Translocations


You had 3 spell levels left.
You knew the following spells:

 Your Spells              Type           Power        Failure   Level  Hunger
a - Infusion              Chrm           ##..         5%          1    #......
b - Shroud of Golubria    Chrm/Tloc      ##........   12%         2    ###....
c - Song of Slaying       Chrm           ##......     8%          2    ###....
d - Regeneration          Chrm/Necr      #.........   32%         3    ###....


Dungeon Overview and Level Annotations

Branches:
Dungeon (4/15)
 Temple: D:4-7

Altars:
Fedhas
Makhleb
Yredelemnul

Annotations:
D:3 KarmaPolice's ghost, amateur BaSk


Innate Abilities, Weirdness & Mutations

Shadows flee at your approach. (+LOS)
You can swim through water.
You cover ground slowly.
You can hop short distances.
You are partially covered in icy blue scales. (AC +2)
You are partially covered in slimy green scales. (AC +2)
Scrolls take you a little longer to read.
Your flesh is cold resistant. (rC+)


Message History

You hit the orc priest but do no damage.
The orc priest is heavily wounded.
The jackal barely misses you.
You riposte.
You slash the jackal!
You kill the jackal!
The orc priest hits you with a hand axe of electrocution.
The jackal closely misses you. The orc barely misses you.
You hit the orc priest.
The orc priest is heavily wounded.
The jackal barely misses you.
The orc priest hits you but does no damage.
You are electrocuted!
* * * LOW HITPOINT WARNING * * *
The orc hits you but does no damage.
You completely miss the orc priest.
The orc priest is heavily wounded.
The jackal bites you.
* * * LOW HITPOINT WARNING * * *
The orc priest calls down the wrath of Beogh upon you.
Beogh smites you!
You die...

#... #.##.##......# #
#...##.......#..### #...
.....####..#######
#####...##.............#...
.......>......##.#..##.#...
..............##.#.........
..............##.#.###.#...
###.#?..#o.#.###.#.###.#...
#....o@...........>####
#...#h#######.######
#...#.# ##.#.## .......#
##.###.## ...#.o.### #.##
##.###### ##.....
##.###.##..<.. .o..
##.#..##.#### ..##.
##.#.##.##.. . ###.......#


You could see an orc priest, an orc and a jackal.

Vanquished Creatures
  A scorpion (D:3)
  A hound (D:4)
  An orc wizard (D:4)
  2 worker ants
  5 adders
  An ooze (D:1)
  2 worms (D:2)
  2 dart slugs
  A leopard gecko (D:3)
  5 bats
  4 giant cockroaches
  8 goblins
  8 hobgoblins
  7 jackals
  2 quokkas
  A ball python (D:3)
  5 frilled lizards
  14 kobolds
  7 rats
77 creatures vanquished.

Notes
Turn   | Place    | Note
-------+----------+-------------------------------------------
     0 | D:1      | KarmaPolice the Barachi Skald began the quest for the Orb.
     0 | D:1      | Reached XP level 1. HP: 17/17 MP: 3/3
   141 | D:1      | Reached XP level 2. HP: 22/23 MP: 5/5
   222 | D:1      | Learned a level 2 spell: Shroud of Golubria
   333 | D:1      | Reached XP level 3. HP: 26/29 MP: 6/6
   885 | D:1      | Learned a level 2 spell: Song of Slaying
  1545 | D:2      | Reached XP level 4. HP: 35/35 MP: 8/8
  1918 | D:2      | Learned a level 3 spell: Regeneration
  2413 | D:3      | Noticed KarmaPolice's ghost (amateur BaSk)
  2634 | D:3      | Reached skill level 1 in Translocations
  2953 | D:3      | Reached XP level 5. HP: 36/41 MP: 9/9
  3034 | D:3      | Found a burning altar of Makhleb.
  3221 | D:3      | Gained mutation: You are partially covered in slimy green scales. (AC +2) [potion of mutation]
  3221 | D:3      | Gained mutation: Your flesh is cold resistant. (rC+) [potion of mutation]
  3221 | D:3      | Gained mutation: Scrolls take you a little longer to read. [potion of mutation]
  3221 | D:3      | Gained mutation: You are partially covered in icy blue scales. (AC +2) [potion of mutation]
  3222 | D:3      | HP: 2/41 [poisoned by a scorpion]
  3464 | D:3      | Found a basalt altar of Yredelemnul.
  4408 | D:4      | Found a blossoming altar of Fedhas.
  4437 | D:4      | Reached XP level 6. HP: 42/48 MP: 4/10
  4661 | D:4      | Killed from afar by an orc priest

Vault maps used:
D:1:      tarquinn_simple_flora_water_a, minmay_surrounded
D:3:      overflow_temple_1_default, marbit_many_paths
D:4:      kennysheep_little_box, chequers_temple_overflow_statue_of_worship,
          uniq_eustachio

Skill      XL: |  1  2  3  4  5 |
---------------+----------------+-----
Fighting       | 3 4 |  4.2
Long Blades    | 3 4 |  4.3
Spellcasting   | 3 |  3.1
Translocations | 1 2 |  2.5
Charms         | 4 |  4.3
Armour         | |  1.2
Dodging        | |  2.1
Necromancy     | |  0.6

Action                   |  1- 3 |  4- 6 || total
-------------------------+-------+-------++-------
Melee: Falchion          |   113 |   206 ||   319
 Cast: Infusion          |     3 |    14 ||    17
       Shroud of Golubri |       |     5 ||     5
  Use: Potion            |       |     4 ||     4
  Eat: Chunk             |     2 |    10 ||    12
       Royal jelly       |       |     1 ||     1
Armor: Leather armour    |    28 |    75 ||   103
Dodge: Dodged            |    81 |   148 ||   229
       Rpst.: Falchion   |    27 |    47 ||    74
